BSA
ST CHARLES SHEENS @ GREENVILLE 84S
06/12/2029
 
TOP OF THE 1ST
St Charles Sheens batting - Pitching for Greenville 84s : RHP Andrés Vázquez
Pitching: RHP Andrés Vázquez
Batting: RHB Miguel Palácios 0-0: Ball
1-0: Ball
2-0: Ball
3-0: Base on Balls
Batting: RHB Rob Brady 0-0: Called Strike
0-1: Ball
1-1: SINGLE (Groundball, 4D)
Miguel Palácios to second
Runner from 2nd tries for 3rd, SAFE, throw made to third
Batting: RHB Miguel Encarnación 0-0: Ball
1-0: Ball
2-0: Foul Ball, location: 2F
2-1: Ball
3-1: Called Strike
3-2: Foul Ball, location: 2F
3-2: Grounds into double play, 3-6-3 (Groundball, 3)
Miguel Palácios scores
Batting: SHB Henry Copeland 0-0: Ball
1-0: Ground out U3 (Groundball, 34)
Top of the 1st over - 1 run, 1 hit, 0 errors, 0 left on base; St Charles 1 - Greenville 0
BOTTOM OF THE 1ST
Greenville 84s batting - Pitching for St Charles Sheens : RHP Bill Chase
Pitching: RHP Bill Chase
Batting: RHB Carlos Torres 0-0: Ball
1-0: Ground out 6-3 (Groundball, 6S)
Batting: LHB Paco Rosas 0-0: Ball
1-0: Ball
2-0: Ball
3-0: Base on Balls
Batting: RHB Enzo Díaz 0-0: Ball
Paco Rosas is caught stealing 2nd base
1-0: Fly out, F9 (Flyball, 9)
Bottom of the 1st over - 0 runs, 0 hits, 0 errors, 0 left on base; St Charles 1 - Greenville 0
TOP OF THE 2ND
St Charles Sheens batting - Pitching for Greenville 84s : RHP Andrés Vázquez
Batting: RHB Dan Tyler 0-0: Called Strike
0-1: Called Strike
0-2: Ground out U3 (Groundball, 3)
Batting: LHB Jason Lambert 0-0: Called Strike
0-1: Ball
1-1: Ball
2-1: Foul Ball, location: 2F
2-2: Ground out 6-3 (Groundball, 6)
Batting: LHB Benny Richard 0-0: Foul Ball, location: 2F
0-1: Swinging Strike
0-2: Ball
1-2: Ball
2-2: Ball
3-2: Ground out 6-3 (Groundball, 6S)
Top of the 2nd over - 0 runs, 0 hits, 0 errors, 0 left on base; St Charles 1 - Greenville 0
BOTTOM OF THE 2ND
Greenville 84s batting - Pitching for St Charles Sheens : RHP Bill Chase
Batting: LHB Juan Cortés 0-0: Ball
1-0: Called Strike
1-1: Foul Ball, location: 2F
1-2: Ball
2-2: Ball
3-2: Strikes out swinging
Batting: LHB Brock Larsen 0-0: Ball
1-0: Foul Ball, location: 2F
1-1: Swinging Strike
1-2: Foul Ball, location: 2F
1-2: Foul Ball, location: 2F
1-2: Strikes out swinging
Batting: LHB Jimmy Vickers 0-0: Ball
1-0: Ball
2-0: Ball
3-0: Called Strike
3-1: SINGLE (Line Drive, 7S)
Batting: RHB Robert Buckley 0-0: SINGLE (Groundball, 56D)
Jimmy Vickers to second
Batting: RHB Casey Fox 0-0: Called Strike
0-1: Ball
1-1: Fly out, F5 (Popup, 25F)
Bottom of the 2nd over - 0 runs, 2 hits, 0 errors, 2 left on base; St Charles 1 - Greenville 0
TOP OF THE 3RD
St Charles Sheens batting - Pitching for Greenville 84s : RHP Andrés Vázquez
Batting: RHB Shawn Gutiérrez 0-0: Ball
1-0: Ball
2-0: SINGLE (Groundball, 6MD)
Batting: LHB Nick Gamble 0-0: Called Strike
0-1: Fly out, F7 (Flyball, 7S)
Batting: RHB Miguel Palácios 0-0: Ball
1-0: DOUBLE (Flyball, 89D)
Shawn Gutiérrez to third
Batting: RHB Rob Brady 0-0: Ball
1-0: Ball
2-0: SINGLE (Groundball, 4MD)
Shawn Gutiérrez scores
Miguel Palácios to third
Runner from 3rd tries for Home, SAFE, no throw
Batting: RHB Miguel Encarnación 0-0: Called Strike
Error on foul ball, E9
0-2: Grounds into double play, 6-4-3 (Groundball, 6)
Top of the 3rd over - 2 runs, 3 hits, 1 error, 0 left on base; St Charles 3 - Greenville 0
BOTTOM OF THE 3RD
Greenville 84s batting - Pitching for St Charles Sheens : RHP Bill Chase
Batting: LHB Chris Moore 0-0: SOLO HOME RUN (Flyball, 9D), Distance : 354 ft
Batting: RHB Carlos Torres 0-0: Foul Ball, location: 2F
0-1: Called Strike
0-2: Ball
1-2: Ball
2-2: Ball
3-2: Fly out, F9 (Flyball, 9LM)
Batting: LHB Paco Rosas 0-0: Ball
1-0: Ball
2-0: Swinging Strike
2-1: Ball
3-1: Foul Ball, location: 2F
3-2: Foul Ball, location: 2F
3-2: Foul Ball, location: 2F
3-2: Strikes out swinging
Batting: RHB Enzo Díaz 0-0: Fly out, F9 (Flyball, 9LS)
Bottom of the 3rd over - 1 run, 1 hit, 0 errors, 0 left on base; St Charles 3 - Greenville 1
TOP OF THE 4TH
St Charles Sheens batting - Pitching for Greenville 84s : RHP Andrés Vázquez
Batting: SHB Henry Copeland 0-0: Ball
1-0: Foul Ball, location: 2F
1-1: Swinging Strike
1-2: Foul Ball, location: 2F
1-2: Ball
2-2: Fly out, F5 (Popup, 56S)
Batting: RHB Dan Tyler 0-0: Foul Ball, location: 2F
0-1: Ball
1-1: Swinging Strike
1-2: Ball
2-2: Foul Ball, location: 2F
2-2: Ball
3-2: Strikes out swinging
Batting: LHB Jason Lambert 0-0: Called Strike
0-1: Ball
1-1: Fly out, F8 (Flyball, 8RD)
Top of the 4th over - 0 runs, 0 hits, 0 errors, 0 left on base; St Charles 3 - Greenville 1
BOTTOM OF THE 4TH
Greenville 84s batting - Pitching for St Charles Sheens : RHP Bill Chase
Batting: LHB Juan Cortés 0-0: Called Strike
0-1: Foul Ball, location: 2F
0-2: Ball
1-2: SINGLE (Groundball, 34D)
Batting: LHB Brock Larsen 0-0: Ball
Wild Pitch!
Juan Cortés to second
1-0: Called Strike
1-1: Called Strike
1-2: Foul Ball, location: 2F
1-2: Strikes out swinging
Batting: LHB Jimmy Vickers 0-0: Ground out 6-3 (Groundball, 6)
Juan Cortés to third
Batting: RHB Robert Buckley 0-0: Called Strike
0-1: Foul Ball, location: 2F
0-2: Strikes out swinging
Bottom of the 4th over - 0 runs, 1 hit, 0 errors, 1 left on base; St Charles 3 - Greenville 1
TOP OF THE 5TH
St Charles Sheens batting - Pitching for Greenville 84s : RHP Andrés Vázquez
Batting: LHB Benny Richard 0-0: Called Strike
0-1: Ball
1-1: Swinging Strike
1-2: Ball
2-2: SINGLE (Line Drive, 6M)
Batting: RHB Shawn Gutiérrez 0-0: Foul Ball, location: 2F
0-1: Ground out 5-3 (Groundball, 56S)
Benny Richard to second
Batting: LHB Nick Gamble 0-0: Fly out, F9 (Flyball, 9)
Batting: RHB Miguel Palácios 0-0: Fly out, F9 (Flyball, 89S)
Top of the 5th over - 0 runs, 1 hit, 0 errors, 1 left on base; St Charles 3 - Greenville 1
BOTTOM OF THE 5TH
Greenville 84s batting - Pitching for St Charles Sheens : RHP Bill Chase
Batting: RHB Casey Fox 0-0: Ball
1-0: Ball
2-0: Called Strike
2-1: Ground out 6-3 (Groundball, 6)
Batting: LHB Chris Moore 0-0: Swinging Strike
0-1: Called Strike
0-2: Foul Ball, location: 2F
0-2: SINGLE (Flyball, 3D)
Batting: RHB Carlos Torres 0-0: SINGLE (Groundball, 6MD)
Chris Moore to second
Batting: LHB Paco Rosas 0-0: Ball
1-0: Called Strike
1-1: Ball
2-1: Ball
3-1: DOUBLE (Line Drive, 8RXD)
Chris Moore scores
Carlos Torres to third
Batting: RHB Enzo Díaz 0-0: Ball
1-0: Swinging Strike
1-1: Foul Ball, location: 2F
1-2: Ball
2-2: Ball
3-2: Base on Balls
Batting: LHB Juan Cortés 0-0: Grounds into fielders choice 4-2 (Groundball, 4)
Paco Rosas to third
Enzo Díaz to second
Batting: LHB Brock Larsen 0-0: Ball
1-0: Ball
2-0: Called Strike
2-1: Foul Ball, location: 2F
2-2: Foul Ball, location: 2F
2-2: Ball
3-2: Foul Ball, location: 2F
3-2: Base on Balls
Paco Rosas scores
Enzo Díaz to third
Juan Cortés to second
Batting: LHB Jimmy Vickers 0-0: Swinging Strike
0-1: Ball
1-1: Ball
2-1: Ball
3-1: Base on Balls
Enzo Díaz scores
Juan Cortés to third
Brock Larsen to second
Batting: RHB Robert Buckley 0-0: Called Strike
0-1: Ball
1-1: Ground out 5-3 (Groundball, 25)
Bottom of the 5th over - 3 runs, 3 hits, 0 errors, 3 left on base; St Charles 3 - Greenville 4
TOP OF THE 6TH
St Charles Sheens batting - Pitching for Greenville 84s : RHP Andrés Vázquez
Batting: RHB Rob Brady 0-0: Ball
1-0: Called Strike
1-1: Called Strike
1-2: SINGLE (Line Drive, 8LS)
Batting: RHB Miguel Encarnación 0-0: Ball
1-0: Fielders Choice at 2nd, 6-4 (Groundball, 6)
Batting: SHB Henry Copeland 0-0: Fly out, F9 (Flyball, 9)
Batting: RHB Dan Tyler 0-0: Foul Ball, location: 2F
0-1: Ball
1-1: Ball
2-1: Foul Ball, location: 2F
2-2: Foul Ball, location: 2F
2-2: Ball
3-2: Ground out 4-3 (Groundball, 34)
Top of the 6th over - 0 runs, 1 hit, 0 errors, 1 left on base; St Charles 3 - Greenville 4
BOTTOM OF THE 6TH
Greenville 84s batting - Pitching for St Charles Sheens : RHP Bill Chase
Pitching: RHP Irwin Conway
Batting: RHB Casey Fox 0-0: Ball
1-0: Ground out 6-3 (Groundball, 6)
Batting: LHB Chris Moore 0-0: Called Strike
0-1: Called Strike
0-2: Ball
1-2: Ball
2-2: Fly out, F7 (Flyball, 78S)
Batting: RHB Carlos Torres 0-0: Ball
1-0: Ball
2-0: Called Strike
2-1: Foul Ball, location: 2F
2-2: Fly out, F9 (Flyball, 9)
Bottom of the 6th over - 0 runs, 0 hits, 0 errors, 0 left on base; St Charles 3 - Greenville 4
TOP OF THE 7TH
St Charles Sheens batting - Pitching for Greenville 84s : RHP Andrés Vázquez
Pitching: RHP Tomás González
Batting: LHB Jason Lambert 0-0: Called Strike
0-1: Foul Ball, location: 2F
0-2: Foul Ball, location: 2F
0-2: SINGLE (Groundball, 56S) (infield hit)
Batting: LHB Benny Richard 0-0: Called Strike
0-1: Ball
1-1: Foul Ball, location: 2F
1-2: Ball
2-2: Fly out, F8 (Flyball, 8RS)
Batting: RHB Shawn Gutiérrez 0-0: Swinging Strike
0-1: Ball
1-1: Called Strike
1-2: Ball
2-2: Strikes out swinging
Pinch Hitting: LHB Larry Howard 0-0: Ball
Jason Lambert steals 2nd base
1-0: Called Strike
1-1: Foul Ball, location: 2F
1-2: Strikes out swinging
Top of the 7th over - 0 runs, 1 hit, 0 errors, 1 left on base; St Charles 3 - Greenville 4
BOTTOM OF THE 7TH
Greenville 84s batting - Pitching for St Charles Sheens : RHP Irwin Conway
Now in RF: Víctor Arredondo
Batting: LHB Paco Rosas 0-0: Ball
1-0: Ball
2-0: Swinging Strike
2-1: Swinging Strike
2-2: Foul Ball, location: 2F
2-2: Strikes out looking
Batting: RHB Enzo Díaz 0-0: Called Strike
0-1: Foul Ball, location: 2F
0-2: Foul Ball, location: 2F
0-2: Ball
1-2: Ball
2-2: Ball
3-2: Base on Balls
Batting: LHB Juan Cortés 0-0: Called Strike
0-1: Ball
1-1: Fielders Choice at 2nd, 1-6 (Groundball, P)
Batting: LHB Brock Larsen 0-0: Ball
1-0: Ball
2-0: Ground out 5-3 (Groundball, 56S)
Bottom of the 7th over - 0 runs, 0 hits, 0 errors, 1 left on base; St Charles 3 - Greenville 4
TOP OF THE 8TH
St Charles Sheens batting - Pitching for Greenville 84s : RHP Tomás González
Now at 2B: Ramiro Chávez
Batting: RHB Miguel Palácios 0-0: Ball
1-0: Ball
2-0: Fly out, F8 (Flyball, 8LM)
Batting: RHB Rob Brady 0-0: Fly out, F9 (Flyball, 9S)
Batting: RHB Miguel Encarnación 0-0: Called Strike
0-1: Ball
1-1: SINGLE (Line Drive, 3D)
Batting: SHB Henry Copeland 0-0: Called Strike
0-1: Swinging Strike
0-2: Strikes out swinging
Top of the 8th over - 0 runs, 1 hit, 0 errors, 1 left on base; St Charles 3 - Greenville 4
BOTTOM OF THE 8TH
Greenville 84s batting - Pitching for St Charles Sheens : RHP Irwin Conway
Batting: LHB Jimmy Vickers 0-0: Ball
1-0: Ball
2-0: Ball
3-0: Called Strike
3-1: Base on Balls
Batting: RHB Robert Buckley 0-0: Bunted foul
0-1: Ball
1-1: Sac Bunt - play at second, runner safe!
Batting: RHB Casey Fox 0-0: Ball
Wild Pitch!
Jimmy Vickers to third
Robert Buckley to second
1-0: Ball
2-0: Fly out, F9 (Flyball, 9)
Batting: LHB Chris Moore 0-0: Ball
1-0: Called Strike
1-1: Ball
2-1: Ball
3-1: Foul Ball, location: 2F
3-2: Base on Balls
Batting: RHB Carlos Torres 0-0: Called Strike
0-1: Grounds into fielders choice 5-2 (Groundball, 5)
Robert Buckley to third
Chris Moore to second
Batting: LHB Paco Rosas 0-0: Ball
1-0: Called Strike
1-1: Foul Ball, location: 2F
1-2: Ball
2-2: Foul Ball, location: 2F
2-2: Ball
3-2: SINGLE (Groundball, 4MS) (infield hit)
Robert Buckley scores
Chris Moore to third
Carlos Torres to second
Pinch Hitting: LHB Robert Moore 0-0: Foul Ball, location: 2F
0-1: Called Strike
0-2: Foul Ball, location: 2F
0-2: Strikes out looking
Bottom of the 8th over - 1 run, 1 hit, 0 errors, 3 left on base; St Charles 3 - Greenville 5
TOP OF THE 9TH
St Charles Sheens batting - Pitching for Greenville 84s : RHP Tomás González
Now at 2B: Mario Cornelo
Batting: RHB Dan Tyler 0-0: Called Strike
0-1: Foul Ball, location: 2F
0-2: Strikes out looking
Batting: LHB Jason Lambert 0-0: Ground out 5-3 (Groundball, 5)
Batting: LHB Benny Richard 0-0: Fly out, F7 (Flyball, 7LM)
Top of the 9th over - 0 runs, 0 hits, 0 errors, 0 left on base; St Charles 3 - Greenville 5
Saturday, December 16th, 2017 - OOTP Baseball 18.8 Build 76